Lightning vs Wild

Created - January 4, 2017 at 18:30

Goals
1 2 3 T
Lightning 2 1 2 5
Wild 0 0 2 2
Shots
1 2 3 T
Lightning 10 9 8 27
Wild 6 9 12 27

1st period

1. Lightning , Patric Hornqvist 12 (Johnny Gaudreau, Jeff Carter) at 1:21
2. Lightning , Kevin Klein 4 (Henrik Sedin, Jeff Carter) at 15:39 (PP)

Penalties :
Erik Gudbranson (TBL) for Hooking (Minor) at 9:28, Troy Brouwer (TBL) for Roughing (Minor) at 13:08, Peter Holland (MIN) for Tripping (Minor) at 15:21, Eric Fehr (TBL) for Tripping (Minor) at 15:44, Kevin Klein (TBL) for Slashing (Double Minor) at 19:01

2nd period

3. Lightning , Patric Hornqvist 13 (Kevin Klein, Johnny Gaudreau) at 12:23

Penalties :
Eric Fehr (TBL) for Delaying the game (Minor) at 0:27, Jeff Petry (MIN) for Hooking (Minor) at 4:45, Jeff Petry (MIN) for Tripping (Minor) at 12:30

3rd period

4. Wild , Marian Gaborik 9 (Jeff Petry, Jason Pominville) at 1:55
5. Lightning , Jeff Carter 7 (Johnny Gaudreau, David Schlemko) at 7:15
6. Wild , Sven Baertschi 6 (Dustin Brown, Peter Holland) at 8:47
7. Lightning , Troy Brouwer 9 (Tomas Fleischmann) at 17:39

Penalties :
Kevin Klein (TBL) for Delaying the game (Minor) at 11:59

Goalie Stats

Jaroslav Halak (TBL), 25 saves from 27 shots - (0.926), W, 9-10-3, 60:00 minutes
James Reimer (MIN), 22 saves from 27 shots - (0.815), L, 16-13-6, 60:00 minutes

Players Stats for Lightning

Player Name              G  A  P  +/- PIM S  H  SB GA TA FO     MP     PP MP  PK MP  
------------------------------------------------------------------------------------
Andre Benoit             0  0  0   0  0   0  0  0  0  0  0/0     0:34   0:00   0:34 
Andrej Sekera            0  0  0   2  0   1  0  0  0  0  0/0    22:59   1:49   4:52 
Brad Hunt                0  0  0   1  0   0  1  1  0  0  0/0    14:26   0:00   0:43 
Christian Ehrhoff        0  0  0   1  0   0  1  0  0  0  0/0    17:57   0:00   4:14 
David Schlemko           0  1  1  -1  0   0  0  0  0  0  0/0    19:36   2:27   4:57 
Eric Fehr                0  0  0   0  4   0  1  0  0  0  4/6     6:36   0:00   2:28 
Erik Gudbranson          0  0  0  -1  2   1  3  1  0  0  0/0    22:14   2:27   6:00 
Henrik Sedin             0  1  1   1  0   3  0  0  0  0  15/25  16:27   1:49   1:11 
Jeff Carter              1  2  3   1  0   4  3  0  0  0  14/23  19:00   1:49   0:00 
Johnny Gaudreau          0  3  3   1  0   6  0  0  0  0  0/1    19:20   1:49   0:20 
Kevin Klein              1  1  2   2  6   1  3  1  0  0  0/0    22:11   1:49   2:30 
Patric Hornqvist         2  0  2   1  0   4  3  1  0  0  0/1    17:11   0:00   0:00 
Radim Vrbata             0  0  0   0  0   1  0  1  0  0  0/0     4:49   0:40   0:00 
Teddy Purcell            0  0  0   0  0   2  0  0  0  0  0/1    13:11   0:00   0:00 
Tobias Rieder            0  0  0   0  0   0  0  0  0  0  0/0    13:34   0:40   3:52 
Tomas Fleischmann        0  1  1   1  0   0  1  0  0  0  1/5    21:36   1:47   6:22 
Travis Zajac             0  0  0   0  0   1  1  0  0  0  14/22  19:06   2:27   7:37 
Troy Brouwer             1  0  1   1  2   3  2  0  0  0  1/1    15:13   1:47   0:00 

Players Stats for Wild

Player Name              G  A  P  +/- PIM S  H  SB GA TA FO     MP     PP MP  PK MP  
------------------------------------------------------------------------------------
Alex Biega               0  0  0  -3  0   0  1  2  0  0  0/0    12:51   0:00   1:52 
Alexander Edler          0  0  0  -1  0   0  1  0  0  0  0/0    24:36   6:13   1:41 
Carl Gunnarsson          0  0  0  -1  0   1  0  2  0  0  0/0    24:47   6:13   1:52 
Dennis Wideman           0  0  0  -3  0   1  0  3  0  0  0/0    13:07   0:00   2:08 
Dustin Brown             0  1  1   0  0   5  1  0  0  0  0/0    12:20   0:00   1:16 
Eric Staal               0  0  0   0  0   0  3  0  0  0  8/24   22:39   5:45   0:22 
Jason Pominville         0  1  1   0  0   3  1  0  0  0  1/1    22:39   5:45   0:22 
Jason Spezza             0  0  0  -2  0   4  0  0  0  0  14/33  22:23   6:10   0:00 
Jeff Petry               0  1  1   2  4   0  2  0  0  0  0/0    22:06   5:42   0:18 
Kyle Okposo              0  0  0  -2  0   4  4  1  0  0  2/2    22:23   6:10   0:00 
Marian Gaborik           1  0  1   0  0   2  1  0  0  0  0/2    22:17   5:45   0:00 
Mark Streit              0  0  0   2  0   0  0  1  0  0  0/0    16:49   0:00   0:41 
Markus Granlund          0  0  0   0  0   0  0  0  0  0  5/8     4:07   0:00   2:38 
Mason Raymond            0  0  0   0  0   0  0  0  0  0  0/0     4:07   0:00   2:38 
Peter Holland            0  1  1   0  2   0  0  0  0  0  5/12   10:50   0:00   1:16 
Sven Baertschi           1  0  1   0  0   3  0  0  0  0  0/0     9:35   0:00   0:00 
Tanner Pearson           0  0  0  -2  0   2  1  1  0  0  1/3    22:23   6:10   0:00 
Taylor Fedun             0  0  0   0  0   2  0  1  0  0  0/0     5:42   5:42   0:00 

3 Stars

1 - Patric Hornqvist (TBL)
2 - Jeff Carter (TBL)
3 - Johnny Gaudreau (TBL)

Power Play

Lightning - 1 on 3 Attempt(s) - 33.33%
Wild - 0 on 7 Attempt(s) - 0.00%

Penalty Kill

Lightning - 7 on 7 Attempt(s) - 100.00% - Score 0 goal in Penalty Kill
Wild - 2 on 3 Attempt(s) - 66.67% - Score 0 goal in Penalty Kill

Team Stat

Lightning - Hits : 19 - Faceoff Wins : 49 - Blocked Shots : 5 - Penalty Minutes : 14
Wild - Hits : 15 - Faceoff Wins : 36 - Blocked Shots : 11 - Penalty Minutes : 6

Official

Referees : Justin StPierre and Kevin Pollock
Linesman : Shandor Alphonso and Steve Barton

Game Notes

No Game Note

Finance

Level 1 -- Attendance: 5860 (90.15%) -- Ticket Income $586,000
Level 2 -- Attendance: 4840 (96.80%) -- Ticket Income $290,400
Level 3 -- Attendance: 3500 (100.00%) -- Ticket Income $122,500
Level 4 -- Attendance: 1954 (100.00%) -- Ticket Income $39,080
Luxury Box -- Attendance: 1000 (100.00%) -- Ticket Income $200,000
Game was played at the Xcel Energy Center.
Total Attendance: 17154 (95.54%)
Total Ticket Income: $1,237,980
Other Income: $185,697
Total Income: $1,423,677

% Time on Ice - Lightning

Lines # - Real PCT - Wanted PCT - Time Play
Normal Forward
1 - 39% - 40% - 17:11
2 - 31% - 30% - 13:27
3 - 21% - 20% - 9:02
4 - 9% - 10% - 4:09
Normal Defense
1 - 37% - 40% - 16:18
2 - 28% - 30% - 12:12
3 - 31% - 20% - 13:43
4 - 4% - 10% - 1:36
PP Forward
1 - 43% - 60% - 1:49
2 - 57% - 40% - 2:27
PP Defense
1 - 43% - 60% - 1:49
2 - 57% - 40% - 2:27
PK Forward
1 - 67% - 60% - 6:42
2 - 33% - 40% - 3:14
PK Defense
1 - 57% - 60% - 5:42
2 - 43% - 40% - 4:14
PK3 Forward
1 - 68% - 60% - 1:21
2 - 32% - 40% - 0:38
PK3 Defense
1 - 64% - 60% - 1:16
2 - 36% - 40% - 0:43
44 Forward
1 - 0% - 60%
2 - 0% - 40%
44 Defense
1 - 0% - 60%
2 - 0% - 40%
Last Minute Offensive  - 0:00
Last Minute Defensive  - 0:00
Total
Forward - 60:00
Defense - 60:00

% Time on Ice - Wild

Lines # - Real PCT - Wanted PCT - Time Play
Normal Forward
1 - 37% - 40% - 16:13
2 - 38% - 40% - 16:32
3 - 22% - 16% - 9:35
4 - 3% - 4% - 1:29
Normal Defense
1 - 38% - 45% - 16:42
2 - 37% - 35% - 16:08
3 - 25% - 15% - 10:59
4 - 0% - 5% - 0:00
PP Forward
1 - 52% - 50% - 6:10
2 - 48% - 50% - 5:45
PP Defense
1 - 52% - 50% - 6:13
2 - 48% - 50% - 5:42
PK Forward
1 - 70% - 58% - 3:00
2 - 30% - 42% - 1:16
PK Defense
1 - 44% - 53% - 1:52
2 - 56% - 47% - 2:24
PK3 Forward
1 - 0% - 50%
2 - 0% - 50%
PK3 Defense
1 - 0% - 55%
2 - 0% - 45%
44 Forward
1 - 0% - 55%
2 - 0% - 45%
44 Defense
1 - 0% - 55%
2 - 0% - 45%
Last Minute Offensive  - 0:00
Last Minute Defensive  - 0:00
Total
Forward - 60:00
Defense - 60:00

Play by Play

1st period


0:01 of 1st period - Jason Spezza wins face-off versus Jeff Carter in neutral zone.
0:03 of 1st period - Off-side.
0:04 of 1st period - Henrik Sedin wins face-off versus Eric Staal in neutral zone.
0:12 of 1st period - Shot by Henrik Sedin.
0:12 of 1st period - Stopped by James Reimer without a rebound.
0:13 of 1st period - Peter Holland wins face-off versus Teddy Purcell in Wild zone.
1:07 of 1st period - Off-side.
1:08 of 1st period - Jeff Carter wins face-off versus Jason Spezza in neutral zone.
1:11 of 1st period - Kyle Okposo is hit by Patric Hornqvist.
1:15 of 1st period - Shot by Jeff Carter.
1:15 of 1st period - Shot Misses the Net.
1:17 of 1st period - Shot by Jeff Carter.
1:17 of 1st period - Shot Misses the Net.
1:19 of 1st period - Shot by Johnny Gaudreau.
1:19 of 1st period - Shot Blocked by Carl Gunnarsson.
1:21 of 1st period - Shot by Patric Hornqvist.
1:21 of 1st period - Goal by Patric Hornqvist - Lightning : 1 - Wild : 0.
1:22 of 1st period - Eric Staal wins face-off versus Henrik Sedin in neutral zone.
1:38 of 1st period - Icing by Tomas Fleischmann.
1:39 of 1st period - Henrik Sedin wins face-off versus Jason Spezza in Lightning zone.
1:41 of 1st period - Icing by Troy Brouwer.
1:42 of 1st period - Henrik Sedin wins face-off versus Jason Spezza in Lightning zone.
1:42 of 1st period - Henrik Sedin is hit by Kyle Okposo.
1:54 of 1st period - Shot by Troy Brouwer.
1:54 of 1st period - Deflect By Henrik Sedin.
1:54 of 1st period - Stopped by James Reimer without a rebound.
1:55 of 1st period - Jeff Carter wins face-off versus Eric Staal in Wild zone.
2:12 of 1st period - Shot by Johnny Gaudreau.
2:12 of 1st period - Deflect By Patric Hornqvist.
2:12 of 1st period - Stopped by James Reimer without a rebound.
2:13 of 1st period - Jason Spezza wins face-off versus Eric Fehr in Wild zone.
2:25 of 1st period - Icing by Alexander Edler.
2:26 of 1st period - Jason Spezza wins face-off versus Jeff Carter in Wild zone.
2:26 of 1st period - Jason Spezza is hit by Jeff Carter.
3:21 of 1st period - Tanner Pearson is hit by Tomas Fleischmann and loses puck.
3:39 of 1st period - Icing by Erik Gudbranson.
3:40 of 1st period - Henrik Sedin wins face-off versus Eric Staal in Lightning zone.
3:55 of 1st period - Shot by Troy Brouwer.
3:55 of 1st period - Stopped by James Reimer without a rebound.
3:56 of 1st period - Markus Granlund wins face-off versus Eric Fehr in Wild zone.
4:31 of 1st period - Shot by Teddy Purcell.
4:31 of 1st period - Stopped by James Reimer with a rebound.
4:33 of 1st period - Shot by Eric Fehr.
4:33 of 1st period - Deflect By Radim Vrbata.
4:33 of 1st period - Stopped by James Reimer without a rebound.
4:34 of 1st period - Jeff Carter wins face-off versus Eric Staal in Wild zone.
5:04 of 1st period - Shot by Jason Pominville.
5:04 of 1st period - Shot Misses the Net.
5:17 of 1st period - Off-side.
5:18 of 1st period - Jason Spezza wins face-off versus Henrik Sedin in neutral zone.
5:26 of 1st period - Shot by Jason Spezza.
5:26 of 1st period - Stopped by Jaroslav Halak without a rebound.
5:27 of 1st period - Travis Zajac wins face-off versus Jason Spezza in Lightning zone.
5:27 of 1st period - Travis Zajac is hit by Kyle Okposo.
5:54 of 1st period - Jason Spezza is hit by Christian Ehrhoff and loses puck.
6:51 of 1st period - Shot by Jason Pominville.
6:51 of 1st period - Stopped by Jaroslav Halak without a rebound.
6:52 of 1st period - Peter Holland wins face-off versus Henrik Sedin in Lightning zone.
7:52 of 1st period - Eric Fehr is hit by Dustin Brown and loses puck.
8:03 of 1st period - Eric Fehr is hit by Eric Staal and loses puck.
8:38 of 1st period - Kevin Klein is hit by Eric Staal and loses puck.
8:55 of 1st period - Shot by Tanner Pearson.
8:55 of 1st period - Stopped by Jaroslav Halak without a rebound.
8:56 of 1st period - Jeff Carter wins face-off versus Jason Spezza in Lightning zone.
9:10 of 1st period - Tanner Pearson is hit by Jeff Carter and loses puck.
9:25 of 1st period - Shot by Jason Spezza.
9:25 of 1st period - Stopped by Jaroslav Halak without a rebound.
9:26 of 1st period - Markus Granlund wins face-off versus Henrik Sedin in Lightning zone.
9:28 of 1st period - Minor Penalty to Erik Gudbranson for Hooking.
9:29 of 1st period - Travis Zajac wins face-off versus Eric Staal in Lightning zone.
10:36 of 1st period - Kyle Okposo is hit by Kevin Klein and loses puck.
10:59 of 1st period - Shot by Jason Spezza.
10:59 of 1st period - Stopped by Jaroslav Halak without a rebound.
11:00 of 1st period - Jason Pominville wins face-off versus Tomas Fleischmann in Lightning zone.
11:32 of 1st period - Dustin Brown is hit by Erik Gudbranson and loses puck.
11:36 of 1st period - Icing by Erik Gudbranson.
11:37 of 1st period - Markus Granlund wins face-off versus Jeff Carter in Lightning zone.
11:37 of 1st period - Dustin Brown is hit by Erik Gudbranson.
11:40 of 1st period - Icing by Erik Gudbranson.
11:41 of 1st period - Jason Spezza wins face-off versus Jeff Carter in Lightning zone.
11:51 of 1st period - Icing by Carl Gunnarsson.
11:52 of 1st period - Jason Spezza wins face-off versus Jeff Carter in Wild zone.
13:07 of 1st period - Jason Pominville is hit by Troy Brouwer and loses puck.
13:08 of 1st period - Minor Penalty to Troy Brouwer for Roughing.
13:09 of 1st period - Tomas Fleischmann wins face-off versus Eric Staal in Lightning zone.
14:19 of 1st period - Travis Zajac is hit by Kyle Okposo and loses puck.
15:04 of 1st period - Shot by Taylor Fedun.
15:04 of 1st period - Shot Misses the Net.
15:21 of 1st period - Minor Penalty to Peter Holland for Tripping.
15:22 of 1st period - Markus Granlund wins face-off versus Henrik Sedin in Wild zone.
15:37 of 1st period - Shot by Henrik Sedin.
15:37 of 1st period - Shot Misses the Net.
15:39 of 1st period - Shot by Kevin Klein.
15:39 of 1st period - Goal by Kevin Klein - Lightning : 2 - Wild : 0.
15:40 of 1st period - Eric Fehr wins face-off versus Peter Holland in neutral zone.
15:44 of 1st period - Minor Penalty to Eric Fehr for Tripping.
15:45 of 1st period - Travis Zajac wins face-off versus Marian Gaborik in Lightning zone.
16:59 of 1st period - Shot by Kyle Okposo.
16:59 of 1st period - Shot Misses the Net.
17:06 of 1st period - Icing by Kyle Okposo.
17:07 of 1st period - Jason Spezza wins face-off versus Travis Zajac in Wild zone.
17:12 of 1st period - Shot by Travis Zajac.
17:12 of 1st period - Shot Misses the Net.
17:14 of 1st period - Shot by Erik Gudbranson.
17:14 of 1st period - Shot Blocked by Tanner Pearson.
17:16 of 1st period - Shot by Erik Gudbranson.
17:16 of 1st period - Shot Blocked by Taylor Fedun.
17:47 of 1st period - Icing by Kevin Klein.
17:48 of 1st period - Jeff Carter wins face-off versus Peter Holland in Lightning zone.
17:50 of 1st period - Icing by Johnny Gaudreau.
17:51 of 1st period - Peter Holland wins face-off versus Johnny Gaudreau in Lightning zone.
17:56 of 1st period - Shot by Dustin Brown.
17:56 of 1st period - Stopped by Jaroslav Halak without a rebound.
17:57 of 1st period - Eric Staal wins face-off versus Patric Hornqvist in Lightning zone.
18:06 of 1st period - Shot by Jeff Carter.
18:06 of 1st period - Stopped by James Reimer without a rebound.
18:07 of 1st period - Eric Staal wins face-off versus Tomas Fleischmann in Wild zone.
18:29 of 1st period - Alexander Edler is hit by Troy Brouwer and loses puck.
18:34 of 1st period - Shot by Henrik Sedin.
18:34 of 1st period - Shot Misses the Net.
18:36 of 1st period - Shot by Troy Brouwer.
18:36 of 1st period - Stopped by James Reimer without a rebound.
18:37 of 1st period - Jeff Carter wins face-off versus Jason Spezza in Wild zone.
18:41 of 1st period - Icing by Jeff Petry.
18:42 of 1st period - Jeff Carter wins face-off versus Jason Spezza in Wild zone.
18:57 of 1st period - Icing by Jeff Carter.
18:58 of 1st period - Eric Staal wins face-off versus Jeff Carter in Lightning zone.
19:00 of 1st period - Jason Pominville is hit by Kevin Klein and loses puck.
19:01 of 1st period - Double Minor Penalty to Kevin Klein for Slashing.
19:02 of 1st period - Travis Zajac wins face-off versus Jason Spezza in Lightning zone.
19:45 of 1st period - Shot by Jason Spezza.
19:45 of 1st period - Shot Misses the Net.
Goals for this period are 2 for Lightning vs 0 for Wild.
Shots for this period are 10 for Lightning vs 6 for Wild.

2nd period


0:01 of 2nd period - Travis Zajac wins face-off versus Eric Staal in neutral zone.
0:22 of 2nd period - Shot by Marian Gaborik.
0:22 of 2nd period - Stopped by Jaroslav Halak with a rebound.
0:27 of 2nd period - Minor Penalty to Eric Fehr for Delaying the game.
0:28 of 2nd period - Kyle Okposo wins face-off versus Travis Zajac in Lightning zone.
1:02 of 2nd period - Icing by Jason Spezza.
1:03 of 2nd period - Jason Spezza wins face-off versus Travis Zajac in Wild zone.
1:03 of 2nd period - Jason Spezza is hit by Travis Zajac.
1:21 of 2nd period - Shot by Kyle Okposo.
1:21 of 2nd period - Shot Misses the Net.
1:48 of 2nd period - Shot by Marian Gaborik.
1:48 of 2nd period - Shot Blocked by Brad Hunt.
1:50 of 2nd period - Shot by Taylor Fedun.
1:50 of 2nd period - Stopped by Jaroslav Halak without a rebound.
1:51 of 2nd period - Travis Zajac wins face-off versus Eric Staal in Lightning zone.
2:10 of 2nd period - Shot by Jeff Petry.
2:10 of 2nd period - Deflect By Jason Pominville.
2:10 of 2nd period - Stopped by Jaroslav Halak without a rebound.
2:11 of 2nd period - Jason Spezza wins face-off versus Travis Zajac in Lightning zone.
2:11 of 2nd period - Alexander Edler is hit by Brad Hunt and loses puck.
2:16 of 2nd period - Shot by Kyle Okposo.
2:16 of 2nd period - Stopped by Jaroslav Halak without a rebound.
2:17 of 2nd period - Travis Zajac wins face-off versus Jason Spezza in Lightning zone.
2:34 of 2nd period - Shot by Carl Gunnarsson.
2:34 of 2nd period - Stopped by Jaroslav Halak without a rebound.
2:35 of 2nd period - Eric Staal wins face-off versus Travis Zajac in Lightning zone.
2:45 of 2nd period - Icing by Jeff Petry.
2:46 of 2nd period - Travis Zajac wins face-off versus Eric Staal in Wild zone.
4:45 of 2nd period - Minor Penalty to Jeff Petry for Hooking.
4:46 of 2nd period - Travis Zajac wins face-off versus Markus Granlund in Wild zone.
4:49 of 2nd period - Shot by Travis Zajac.
4:49 of 2nd period - Shot Blocked by Alex Biega.
5:40 of 2nd period - Shot by Henrik Sedin.
5:40 of 2nd period - Shot Misses the Net.
6:42 of 2nd period - Jeff Carter is hit by Jason Pominville and loses puck.
6:56 of 2nd period - Off-side.
6:57 of 2nd period - Jeff Carter wins face-off versus Jason Spezza in neutral zone.
7:17 of 2nd period - Shot by Johnny Gaudreau.
7:17 of 2nd period - Stopped by James Reimer with a rebound.
7:49 of 2nd period - Shot by Jason Pominville.
7:49 of 2nd period - Stopped by Jaroslav Halak without a rebound.
7:50 of 2nd period - Eric Staal wins face-off versus Travis Zajac in Lightning zone.
7:57 of 2nd period - Shot by Jason Pominville.
7:57 of 2nd period - Shot Misses the Net.
8:24 of 2nd period - Shot by Travis Zajac.
8:24 of 2nd period - Shot Misses the Net.
8:26 of 2nd period - Shot by Travis Zajac.
8:26 of 2nd period - Shot Misses the Net.
8:28 of 2nd period - Shot by Erik Gudbranson.
8:28 of 2nd period - Stopped by James Reimer with a rebound.
8:43 of 2nd period - Off-side.
8:44 of 2nd period - Henrik Sedin wins face-off versus Jason Spezza in neutral zone.
8:47 of 2nd period - Shot by Troy Brouwer.
8:47 of 2nd period - Deflect By Tomas Fleischmann.
8:47 of 2nd period - Shot Misses the Net.
8:49 of 2nd period - Shot by Andrej Sekera.
8:49 of 2nd period - Stopped by James Reimer without a rebound.
8:50 of 2nd period - Kyle Okposo wins face-off versus Jeff Carter in Wild zone.
9:20 of 2nd period - Shot by Patric Hornqvist.
9:20 of 2nd period - Shot Misses the Net.
9:22 of 2nd period - Shot by Johnny Gaudreau.
9:22 of 2nd period - Stopped by James Reimer without a rebound.
9:23 of 2nd period - Peter Holland wins face-off versus Henrik Sedin in Wild zone.
9:30 of 2nd period - Shot by Dustin Brown.
9:30 of 2nd period - Shot Misses the Net.
9:32 of 2nd period - Shot by Sven Baertschi.
9:32 of 2nd period - Shot Misses the Net.
9:42 of 2nd period - Shot by Dustin Brown.
9:42 of 2nd period - Deflect By Sven Baertschi.
9:42 of 2nd period - Stopped by Jaroslav Halak without a rebound.
9:43 of 2nd period - Travis Zajac wins face-off versus Eric Staal in Lightning zone.
10:10 of 2nd period - Shot by Travis Zajac.
10:10 of 2nd period - Shot Misses the Net.
10:44 of 2nd period - Shot by Johnny Gaudreau.
10:44 of 2nd period - Shot Blocked by Carl Gunnarsson.
11:08 of 2nd period - Shot by Johnny Gaudreau.
11:08 of 2nd period - Stopped by James Reimer without a rebound.
11:09 of 2nd period - Henrik Sedin wins face-off versus Jason Spezza in Wild zone.
11:11 of 2nd period - Tomas Fleischmann is hit by Jeff Petry and loses puck.
11:15 of 2nd period - Troy Brouwer is hit by Jeff Petry and loses puck.
11:37 of 2nd period - Icing by Troy Brouwer.
11:38 of 2nd period - Henrik Sedin wins face-off versus Peter Holland in Lightning zone.
11:49 of 2nd period - Shot by Henrik Sedin.
11:49 of 2nd period - Shot Blocked by Dennis Wideman.
11:51 of 2nd period - Shot by Tomas Fleischmann.
11:51 of 2nd period - Shot Misses the Net.
11:53 of 2nd period - Shot by Tomas Fleischmann.
11:53 of 2nd period - Shot Misses the Net.
12:19 of 2nd period - Shot by Johnny Gaudreau.
12:19 of 2nd period - Deflect By Patric Hornqvist.
12:19 of 2nd period - Shot Blocked by Dennis Wideman.
12:23 of 2nd period - Shot by Patric Hornqvist.
12:23 of 2nd period - Goal by Patric Hornqvist - Lightning : 3 - Wild : 0.
12:24 of 2nd period - Travis Zajac wins face-off versus Jason Spezza in neutral zone.
12:30 of 2nd period - Minor Penalty to Jeff Petry for Tripping.
12:31 of 2nd period - Henrik Sedin wins face-off versus Markus Granlund in Wild zone.
12:31 of 2nd period - Johnny Gaudreau is hit by Alexander Edler and loses puck.
12:52 of 2nd period - Shot by Jeff Carter.
12:52 of 2nd period - Shot Misses the Net.
12:54 of 2nd period - Shot by Johnny Gaudreau.
12:54 of 2nd period - Stopped by James Reimer without a rebound.
12:55 of 2nd period - Travis Zajac wins face-off versus Markus Granlund in Wild zone.
13:02 of 2nd period - Shot by Troy Brouwer.
13:02 of 2nd period - Shot Misses the Net.
14:16 of 2nd period - Icing by Kevin Klein.
14:17 of 2nd period - Henrik Sedin wins face-off versus Peter Holland in Lightning zone.
14:22 of 2nd period - Shot by Henrik Sedin.
14:22 of 2nd period - Shot Misses the Net.
14:36 of 2nd period - Shot by Eric Fehr.
14:36 of 2nd period - Shot Blocked by Mark Streit.
14:38 of 2nd period - Shot by Radim Vrbata.
14:38 of 2nd period - Shot Misses the Net.
15:10 of 2nd period - Jeff Petry is hit by Eric Fehr and loses puck.
15:20 of 2nd period - Off-side.
15:21 of 2nd period - Jeff Carter wins face-off versus Jason Spezza in neutral zone.
17:14 of 2nd period - Erik Gudbranson is hit by Eric Staal.
17:15 of 2nd period - Icing by Erik Gudbranson.
17:16 of 2nd period - Jason Spezza wins face-off versus Henrik Sedin in Lightning zone.
18:05 of 2nd period - Shot by Teddy Purcell.
18:05 of 2nd period - Stopped by James Reimer without a rebound.
18:06 of 2nd period - Eric Staal wins face-off versus Jeff Carter in Wild zone.
18:06 of 2nd period - Eric Staal is hit by Jeff Carter.
18:13 of 2nd period - Mark Streit is hit by Kevin Klein and loses puck.
18:24 of 2nd period - Shot by Patric Hornqvist.
18:24 of 2nd period - Shot Hit the Post.
19:16 of 2nd period - Shot by Teddy Purcell.
19:16 of 2nd period - Shot Misses the Net.
19:18 of 2nd period - Shot by Travis Zajac.
19:18 of 2nd period - Stopped by James Reimer without a rebound.
19:19 of 2nd period - Eric Fehr wins face-off versus Peter Holland in Wild zone.
19:19 of 2nd period - Eric Fehr is hit by Alex Biega.
19:29 of 2nd period - Shot by Dustin Brown.
19:29 of 2nd period - Stopped by Jaroslav Halak without a rebound.
19:30 of 2nd period - Jason Spezza wins face-off versus Tomas Fleischmann in Lightning zone.
19:37 of 2nd period - Shot by Kyle Okposo.
19:37 of 2nd period - Stopped by Jaroslav Halak with a rebound.
19:43 of 2nd period - Shot by Kyle Okposo.
19:43 of 2nd period - Shot Misses the Net.
Goals for this period are 1 for Lightning vs 0 for Wild.
Shots for this period are 9 for Lightning vs 9 for Wild.

3rd period


0:01 of 3rd period - Jeff Carter wins face-off versus Marian Gaborik in neutral zone.
0:12 of 3rd period - Shot by Patric Hornqvist.
0:12 of 3rd period - Stopped by James Reimer without a rebound.
0:13 of 3rd period - Henrik Sedin wins face-off versus Tanner Pearson in Wild zone.
0:16 of 3rd period - Shot by Henrik Sedin.
0:16 of 3rd period - Stopped by James Reimer without a rebound.
0:17 of 3rd period - Jeff Carter wins face-off versus Tanner Pearson in Wild zone.
0:26 of 3rd period - Icing by Tanner Pearson.
0:27 of 3rd period - Henrik Sedin wins face-off versus Jason Spezza in Wild zone.
1:03 of 3rd period - Icing by Andrej Sekera.
1:04 of 3rd period - Troy Brouwer wins face-off versus Eric Staal in Lightning zone.
1:12 of 3rd period - Icing by Mark Streit.
1:13 of 3rd period - Jeff Carter wins face-off versus Eric Staal in Wild zone.
1:55 of 3rd period - Shot by Marian Gaborik.
1:55 of 3rd period - Goal by Marian Gaborik - Lightning : 3 - Wild : 1.
1:56 of 3rd period - Tanner Pearson wins face-off versus Travis Zajac in neutral zone.
2:51 of 3rd period - Icing by Dustin Brown.
2:52 of 3rd period - Peter Holland wins face-off versus Jeff Carter in Wild zone.
2:52 of 3rd period - Alex Biega is hit by Patric Hornqvist and loses puck.
3:26 of 3rd period - Shot by Johnny Gaudreau.
3:26 of 3rd period - Stopped by James Reimer with a rebound.
3:28 of 3rd period - Shot by Jeff Carter.
3:28 of 3rd period - Shot Misses the Net.
3:30 of 3rd period - Shot by Jeff Carter.
3:30 of 3rd period - Shot Blocked by Dennis Wideman.
3:34 of 3rd period - Shot by Jeff Carter.
3:34 of 3rd period - Stopped by James Reimer without a rebound.
3:35 of 3rd period - Eric Staal wins face-off versus Tomas Fleischmann in Wild zone.
5:08 of 3rd period - Andrej Sekera is hit by Tanner Pearson and loses puck.
5:42 of 3rd period - Carl Gunnarsson is hit by Patric Hornqvist.
6:14 of 3rd period - Shot by Dustin Brown.
6:14 of 3rd period - Shot Blocked by Erik Gudbranson.
6:16 of 3rd period - Shot by Dennis Wideman.
6:16 of 3rd period - Stopped by Jaroslav Halak without a rebound.
6:17 of 3rd period - Markus Granlund wins face-off versus Henrik Sedin in Lightning zone.
6:30 of 3rd period - Shot by Troy Brouwer.
6:30 of 3rd period - Shot Misses the Net.
7:15 of 3rd period - Shot by Jeff Carter.
7:15 of 3rd period - Goal by Jeff Carter - Lightning : 4 - Wild : 1.
7:16 of 3rd period - Eric Fehr wins face-off versus Eric Staal in neutral zone.
7:16 of 3rd period - Eric Fehr is hit by Marian Gaborik.
7:41 of 3rd period - Shot by Teddy Purcell.
7:41 of 3rd period - Shot Misses the Net.
7:47 of 3rd period - Shot by Jason Pominville.
7:47 of 3rd period - Shot Blocked by Radim Vrbata.
8:08 of 3rd period - Shot by Kyle Okposo.
8:08 of 3rd period - Stopped by Jaroslav Halak with a rebound.
8:10 of 3rd period - Shot by Kyle Okposo.
8:10 of 3rd period - Stopped by Jaroslav Halak without a rebound.
8:11 of 3rd period - Jeff Carter wins face-off versus Peter Holland in Lightning zone.
8:43 of 3rd period - Shot by Peter Holland.
8:43 of 3rd period - Shot Misses the Net.
8:45 of 3rd period - Shot by Dustin Brown.
8:45 of 3rd period - Shot Misses the Net.
8:47 of 3rd period - Shot by Sven Baertschi.
8:47 of 3rd period - Goal by Sven Baertschi - Lightning : 4 - Wild : 2.
8:48 of 3rd period - Jason Spezza wins face-off versus Henrik Sedin in neutral zone.
8:51 of 3rd period - Shot by Tanner Pearson.
8:51 of 3rd period - Stopped by Jaroslav Halak without a rebound.
8:52 of 3rd period - Henrik Sedin wins face-off versus Jason Spezza in Lightning zone.
9:12 of 3rd period - Icing by Carl Gunnarsson.
9:13 of 3rd period - Jeff Carter wins face-off versus Jason Spezza in Wild zone.
9:31 of 3rd period - Icing by Carl Gunnarsson.
9:32 of 3rd period - Henrik Sedin wins face-off versus Jason Spezza in Wild zone.
9:35 of 3rd period - Shot by Henrik Sedin.
9:35 of 3rd period - Shot Misses the Net.
9:47 of 3rd period - Shot by Henrik Sedin.
9:47 of 3rd period - Deflect By Troy Brouwer.
9:47 of 3rd period - Shot Misses the Net.
10:34 of 3rd period - Shot by Johnny Gaudreau.
10:34 of 3rd period - Stopped by James Reimer with a rebound.
10:36 of 3rd period - Shot by Jeff Carter.
10:36 of 3rd period - Stopped by James Reimer without a rebound.
10:37 of 3rd period - Travis Zajac wins face-off versus Peter Holland in Wild zone.
10:40 of 3rd period - Shot by Teddy Purcell.
10:40 of 3rd period - Deflect By Travis Zajac.
10:40 of 3rd period - Shot Blocked by Alex Biega.
11:59 of 3rd period - Minor Penalty to Kevin Klein for Delaying the game.
12:00 of 3rd period - Jason Spezza wins face-off versus Henrik Sedin in Lightning zone.
12:01 of 3rd period - Shot by Kyle Okposo.
12:01 of 3rd period - Shot Misses the Net.
12:25 of 3rd period - Shot by Jason Spezza.
12:25 of 3rd period - Stopped by Jaroslav Halak without a rebound.
12:26 of 3rd period - Travis Zajac wins face-off versus Eric Staal in Lightning zone.
13:07 of 3rd period - Shot by Taylor Fedun.
13:07 of 3rd period - Stopped by Jaroslav Halak without a rebound.
13:08 of 3rd period - Eric Fehr wins face-off versus Jason Spezza in Lightning zone.
13:08 of 3rd period - Eric Fehr is hit by Kyle Okposo.
14:16 of 3rd period - Shot by Dustin Brown.
14:16 of 3rd period - Stopped by Jaroslav Halak with a rebound.
14:18 of 3rd period - Shot by Dustin Brown.
14:18 of 3rd period - Stopped by Jaroslav Halak without a rebound.
14:19 of 3rd period - Henrik Sedin wins face-off versus Eric Staal in Lightning zone.
15:44 of 3rd period - Shot by Peter Holland.
15:44 of 3rd period - Shot Blocked by Patric Hornqvist.
15:53 of 3rd period - Shot by Sven Baertschi.
15:53 of 3rd period - Stopped by Jaroslav Halak without a rebound.
15:54 of 3rd period - Jason Spezza wins face-off versus Travis Zajac in Lightning zone.
15:55 of 3rd period - Shot by Tanner Pearson.
15:55 of 3rd period - Shot Misses the Net.
16:03 of 3rd period - Shot by Teddy Purcell.
16:03 of 3rd period - Shot Blocked by Kyle Okposo.
16:19 of 3rd period - Shot by Jason Spezza.
16:19 of 3rd period - Shot Blocked by Kevin Klein.
17:39 of 3rd period - Shot by Troy Brouwer.
17:39 of 3rd period - Goal by Troy Brouwer - Lightning : 5 - Wild : 2.
17:40 of 3rd period - Henrik Sedin wins face-off versus Eric Staal in neutral zone.
18:47 of 3rd period - Shot by Dustin Brown.
18:47 of 3rd period - Stopped by Jaroslav Halak with a rebound.
18:49 of 3rd period - Shot by Peter Holland.
18:49 of 3rd period - Deflect By Sven Baertschi.
18:49 of 3rd period - Shot Misses the Net.
18:58 of 3rd period - Dustin Brown is hit by Erik Gudbranson and loses puck.
Goals for this period are 2 for Lightning vs 2 for Wild.
Shots for this period are 8 for Lightning vs 12 for Wild.